Map: Ulrena

Players

NaThan

  • Race: Zerg Zerg
  • League: Gold

Grumm - Winner!

  • Race: Protoss Protoss
  • League: Gold

VOD

Have the link to the VOD?

Description

Time

  • Played on: Feb. 19, 2016, 12:25 p.m.
  • Length: 3:12
Show
View Real Time Build Order
Export as new Build Order

NaThan Zerg 

Build Orders: Hatch First 

Get SALT Encoding   

  12  0:01  Drone  
  13  0:08  Drone  
  14  0:15  Extractor  
  14  0:19  Drone, Extractor  
  13  0:22  Drone  
  16  0:30  Overlord  
  16  0:54  Hatchery  
  16  0:55  Drone  
  16  0:57  Drone  
  17  1:12  Spawning Pool  
  17  1:15  Drone  
  17  1:19  Drone  
  18  1:28  Drone x2  
  20  2:00  Zergling x4  
  22  2:03  Overlord  
  22  2:08  Zergling x2  
  23  2:10  Spine Crawler  
  23  2:11  Queen  
  23  2:12  Spine Crawler  
  24  2:17  Spine Crawler  
  24  2:21  Spine Crawler  
  22  2:38  Spine Crawler  
  22  2:40  Drone x3  
  24  2:45  Drone x3  
  27  3:00  Spine Crawler  
Show
View Real Time Build Order
Export as new Build Order

Grumm Protoss - Winner!

Build Orders:  

Get SALT Encoding   

  12  0:12  Pylon  
  12  0:13  Probe (Chrono Boost)  
  13  0:24  Probe (Chrono Boost)  
  14  0:32  Gateway  
  14  0:35  Probe (Chrono Boost)  
  15  0:45  Probe (Chrono Boost)  
  15  0:47  Assimilator  
  16  0:56  Probe (Chrono Boost)  
  17  1:04  Pylon  
  17  1:07  Probe (Chrono Boost)  
  18  1:19  Zealot (Chrono Boost)  
  18  1:24  Cybernetics Core  
  20  1:33  Gateway  
  20  1:36  Probe  
  21  1:43  Zealot (Chrono Boost)  
  23  2:00  Robotics Facility  
  23  2:03  Probe  
  24  2:15  Probe  
  29  2:23  Adept (Chrono Boost)  
  29  2:25  Adept (Chrono Boost)  
  29  2:27  Probe  
  30  2:39  Pylon, Probe  
  31  2:57  Probe  
Tags
 
League
GoldGold
Matchup
PvZ
Replay Pack
sc2 replays 2016
Add a new tag
Caveats
  • Supply blocks, unpowered buildings, or Contaminate may cause inaccurate times.
  • Supply counts are checked every 10 seconds.